 Dungeon Crawl Stone Soup version 0.29.1-1-gd02db69 (webtiles) character file.

Game seed: 17233894273809549846

5702 mezmerelda the Severer (level 10, -9/83 HPs)
             Began as a Hill Orc Fighter on Sept 19, 2022.
             Was an Elder of Beogh.
             Mangled by a gnoll
             ... wielding a +0 halberd
             ... led by a gnoll sergeant
              (10 damage)
             ... on level 10 of the Dungeon on Sept 28, 2022.
             The game lasted 00:54:05 (12073 turns).

mezmerelda the Severer (Hill Orc Fighter)          Turns: 12073, Time: 00:54:07

Health: -9/83      AC: 19    Str: 22    XL:     10   Next: 76%
Magic:  7/10       EV:  7    Int:  8    God:    Beogh [****..]
Gold:   401        SH:  6    Dex: 12    Spells: 9/9 levels left

rFire   . . .      SeeInvis .   a - +0 war axe
rCold   + . .      Faith    .   c - +1 buckler
rNeg    . . .      Spirit   .   t - +5 chain mail {rC+}
rPois   .          Reflect  .   n - +2 helmet
rElec   .          Harm     .   (no cloak)
rCorr   .          Rampage  .   w - +1 pair of gloves
Will    .....                   (no boots)
Stlth   ..........              (no amulet)
HPRegen 0.23/turn               (no ring)
MPRegen 0.12/turn               (no ring)

@: no status effects
A: no striking features
a: Renounce Religion, Smiting, Recall Orcish Followers


You were on level 10 of the Dungeon.
You worshipped Beogh.
Beogh was greatly pleased with you.
You visited 2 branches of the dungeon, and saw 11 of its levels.

You collected 583 gold pieces.
You spent 182 gold pieces at shops.

Inventory:

Hand Weapons
 a - a +0 war axe (weapon)
 b - the +8 sling of Conscience {flame, Dex+4}
   (You bought it in a shop on level 7 of the Dungeon)

   Any ammunition fired from it burns those it strikes, dealing additional fire
   damage.
   Dex:       It affects your dexterity (+4).
 H - the +4 dagger "Morg" {pain, Will+ Int+5}
   (You found it on level 5 of the Dungeon)

   In the hands of one skilled in necromantic magic, it inflicts extra damage on
   living creatures.
   Int:       It affects your intelligence (+5).
   Will:      It increases your willpower.
Missiles
 x - 4 curare-tipped darts (quivered)
 A - a throwing net
Armour
 c - a +1 buckler (worn)
 n - a +2 helmet (worn)
 t - a +5 chain mail of cold resistance (worn)
 w - a +1 pair of gloves (worn)
Jewellery
 g - a ring of flight
Wands
 d - a wand of flame (7)
 m - a wand of roots (10)
 E - a wand of paralysis (9)
 G - a wand of polymorph (8)
Scrolls
 e - 2 scrolls of torment {unknown}
 f - 3 scrolls of blinking
 i - 3 scrolls of summoning
 o - 2 scrolls of magic mapping {unknown}
 p - 3 scrolls of immolation {unknown}
 q - 2 scrolls of vulnerability {unknown}
 u - a scroll of poison {unknown}
 v - 4 scrolls of amnesia
 y - a scroll of fog {unknown}
 B - a scroll of teleportation {unknown}
 C - 2 scrolls of enchant weapon
 D - a scroll of acquirement {unknown}
Potions
 h - 3 potions of cancellation
 j - 2 potions of brilliance
 k - a potion of haste {unknown}
 l - 4 potions of curing
 r - 3 potions of ambrosia
 s - 4 potions of heal wounds
 z - 2 potions of mutation


   Skills:
 + Level 5.8 Fighting
 - Level 16.7 Axes
 + Level 6.2 Ranged Weapons
 - Level 2.0 Throwing
 - Level 4.0 Armour
 - Level 4.0 Shields


You had 9 spell levels left.
You didn't know any spells.
Your spell library contained the following spells:

 Spells                   Type           Power      Damage    Failure   Level
 Necrotise                Necr           0%         1d4       99%         1
 Sting                    Tmut/Pois      0%         1d3       99%         1
 Ensorcelled Hibernation  Hex/Ice        0%         N/A       100%        2
 Poisonous Vapours        Pois/Air       0%         N/A       100%        2
 Static Discharge         Conj/Air       0%         3-3/arc   100%        2
 Sublimation of Blood     Necr           0%         N/A       100%        2
 Inner Flame              Hex/Fire       0%         N/A       100%        3
 Spider Form              Tmut/Pois      0%         N/A       100%        3
 Vampiric Draining        Necr           0%         2d6       100%        3
 Anguish                  Hex/Necr       0%         N/A       100%        4
 Cause Fear               Hex            0%         N/A       100%        4
 Dispel Undead            Necr           0%         3d6       100%        4
 Olgreb's Toxic Radiance  Pois           0%         N/A       100%        4
 Petrify                  Tmut/Erth      0%         N/A       100%        4
 Sticky Flame             Conj/Fire      0%         2d3       100%        4
 Agony                    Necr           0%         N/A       100%        5
 Irradiate                Conj/Tmut      0%         3d11      100%        5
 Conjure Ball Lightning   Conj/Air       0%         3x3d6     100%        6
 Discord                  Hex            0%         N/A       100%        8
 Disjunction              Tloc           0%         N/A       100%        8


Dungeon Overview and Level Annotations

Branches:
Dungeon (10/15)            Temple (1/1) D:7            Lair (0/5) D:8
    Orc (0/2) D:10

Altars:
Ashenzari
Cheibriados
Dithmenos
Elyvilon
Fedhas
Gozag
Hepliaklqana
Kikubaaqudgha
Makhleb
Nemelex Xobeh
Okawaru
Qazlal
Ru
Sif Muna
Trog
Uskayaw
Vehumet
Wu Jian
Xom
Yredelemnul
Zin
The Shining One
Lugonu

Shops:
D:7 (

Annotations:
D:9 2 transporters


Message History

You hit the gnoll.
The gnoll is severely wounded.
You hit the troll. You closely miss the gnoll.
The gnoll is severely wounded.
You closely miss the troll.
Your orc struggles against the net.
You block the troll's attack. The troll claws you!
The troll claws you but does no damage. You block the gnoll's attack.
The gnoll barely misses you.
The gnoll sergeant hits you from afar with a +2 vorpal spear.
A gnoll comes into view. It is wielding a +0 club.
Your orc wizard hits the gnoll with a +1 dagger of venom.
The gnoll dies!
Beogh accepts your kill. The warg bites you but does no damage.
Your orc struggles against the net.
The troll bites you. The troll claws you. The troll claws you!
The gnoll hits your orc wizard with a +0 flail!
The gnoll hits you but does no damage.
The gnoll sergeant hits you from afar with a +2 vorpal spear!
* * * LOW HITPOINT WARNING * * *
x2 The warg barely misses you.
Your orc wizard hits the troll but does no damage.
The troll is poisoned.
You see here a +0 whip.
Aiming: Smiting
Press: ? - help, Dir - move target, f - troll Smite: a troll (heavily wounded, very poisoned, ally target)
You smite the troll!
The troll is almost dead.
Your orc struggles against the net.
The troll bites you.
* * * LOW HITPOINT WARNING * * *
The troll claws you!
* * * LOW HITPOINT WARNING * * *
The troll claws you.
* * * LOW HITPOINT WARNING * * *
The gnoll hits you from afar with a +0 halberd!
You die...

......o.######.#..)...+
........##.....#......#
.........o.#######'####
........#### #..#
#####.### #.## #. #o#
## #)# ###.#####
#@oo....#
......hTo.......#
......)ggg....#..
..............#
.....o........#
.....>........#
........g.....#
............###


You could see a troll (very poisoned, ally target), a warg (ally target), a
gnoll sergeant, 3 gnolls, 2 friendly orc wizards and 2 friendly orcs.

Vanquished Creatures
  An ugly thing (D:8)
  Maggie (D:9)
  An unseen horror (D:10)
  A troll (D:8)
  2 hornets
  Prince Ribbit (D:6)
  A wraith (D:10)
  A wyvern (D:9)
  2 steam dragons
  A water moccasin (D:9)
  2 ice beasts
  A wolf (D:8)
  An ogre (D:6)
  2 phantoms
  2 kobold brigands
  Blork the orc (D:3)
  A bullfrog (D:7)
  4 necrophages
  A scorpion (D:5)
  10 wights
  5 killer bees (D:7)
  4 electric eels (D:8)
  A spectral bullfrog (D:5)
  A bullfrog zombie (D:5)
  3 jellies
  A bullfrog skeleton (D:5)
  2 orc priests
  5 hounds
  Terence (D:2)
  2 iguanas
  Ijyb (D:4)
  6 orc wizards
  A spectral hound (D:5)
  3 gnolls (D:5)
  8 adders
  3 white imps
  An ufetubus (D:5)
  3 worms
  23 orcs
  7 endoplasms
  2 giant cockroaches
  22 goblins
  10 hobgoblins
  4 jackals
  5 quokkas
  4 ball pythons
  4 bats
  4 frilled lizards
  12 kobolds
  4 rats
189 creatures vanquished.

Vanquished Creatures (collateral kills)
  A wyvern (D:9)
  A steam dragon (D:8)
  A warg (D:10)
  A water moccasin (D:8)
  2 orc warriors (D:9)
  2 wolves (D:8)
  A bullfrog (D:8)
  2 wights (D:8)
  A killer bee (D:7)
  An electric eel (D:9)
  An orc priest (D:9)
  A hound (D:8)
  2 orc wizards
  A gnoll (D:10)
  4 orcs
  4 kobolds (D:8)
26 creatures vanquished.

Vanquished Creatures (others)
  3 orc warriors
  2 orc priests
  An orc wizard (D:9)
  A white imp (D:8)
  7 orcs
  2 plants (D:5)
  18 withered plants (D:5)
34 creatures vanquished.

Grand Total: 249 creatures vanquished

Notes
Turn   | Place    | Note
-------+----------+-------------------------------------------
     0 | D:1      | mezmerelda the Hill Orc Fighter began the quest for the
                  | Orb.
     0 | D:1      | Reached XP level 1. HP: 19/19 MP: 1/1
   145 | D:2      | Found a bloodstained altar of Trog.
   145 | D:2      | Noticed Terence
   210 | D:1      | Reached skill level 3 in Axes
   324 | D:1      | Reached XP level 2. HP: 26/26 MP: 2/2
   617 | D:2      | Reached skill level 4 in Axes
   880 | D:3      | Reached XP level 3. HP: 31/31 MP: 3/3
   969 | D:4      | Noticed Blork the orc
  1270 | D:4      | Reached skill level 5 in Axes
  1275 | D:4      | Reached XP level 4. HP: 24/39 MP: 4/4
  1280 | D:4      | Became a worshipper of Beogh the Brigand
  1409 | D:4      | Reached skill level 6 in Axes
  1567 | D:4      | Found a burning altar of Makhleb.
  1567 | D:4      | Noticed a cacodemon
  1569 | D:4      | Found a basalt altar of Yredelemnul.
  1648 | D:4      | Noticed a necrophage
  1658 | D:5      | Entered Level 5 of the Dungeon
  1721 | D:5      | Reached XP level 5. HP: 42/45 MP: 5/5
  1779 | D:5      | Reached skill level 7 in Axes
  2515 | D:2      | Killed Terence
  2516 | D:2      | Reached skill level 8 in Axes
  2516 | D:2      | Reached XP level 6. HP: 46/51 MP: 6/6
  2517 | D:2      | Reached * piety under Beogh
  3095 | D:1      | Found a faded altar of an unknown god.
  4182 | D:3      | Killed Blork the orc
  4183 | D:3      | Reached skill level 1 in Throwing
  4656 | D:4      | Reached XP level 7. HP: 57/57 MP: 7/7
  4658 | D:4      | Noticed Ijyb
  4697 | D:4      | Killed Ijyb
  4844 | D:4      | Reached skill level 9 in Axes
  5020 | D:5      | Reached skill level 10 in Axes
  5094 | D:5      | Found a sparkling altar of Nemelex Xobeh.
  5120 | D:5      | Reached ** piety under Beogh
  5121 | D:5      | Reached XP level 8. HP: 64/64 MP: 8/8
  5224 | D:5      | Reached skill level 11 in Axes
  5264 | D:5      | Reached skill level 12 in Axes
  5564 | D:5      | Found the +4 dagger "Morg" {pain, Will+ Int+5}
  5633 | D:5      | Identified the +3 scale mail of the Stone Wall {rC- Str-4
                  | Int+5 Dex+4}
  5721 | D:5      | Found a white marble altar of Elyvilon.
  5751 | D:5      | Found a shimmering altar of Xom.
  5751 | D:5      | Found a bloodstained altar of Trog.
  5752 | D:5      | Found an ancient bone altar of Kikubaaqudgha.
  6521 | D:6      | Noticed Prince Ribbit
  6533 | D:6      | Killed Prince Ribbit
  6534 | D:6      | Reached skill level 13 in Axes
  6534 | D:6      | Reached XP level 9. HP: 70/70 MP: 9/9
  7096 | D:7      | Reached skill level 14 in Axes
  7156 | D:7      | Reached *** piety under Beogh
  7570 | D:7      | Reached skill level 15 in Axes
  7756 | D:7      | Found Loutsoh's Antique Weapon Shoppe.
  7759 | D:7      | Bought an encrusted sling for 182 gold pieces
  7759 | D:7      | Identified the +8 sling of Conscience {flame, Dex+4} (You
                  | bought it in a shop on level 7 of the Dungeon)
  7804 | D:7      | Reached skill level 1 in Ranged Weapons
  7975 | D:7      | Found an ornate altar of the Wu Jian Council.
  8074 | D:7      | Found a staircase to the Ecumenical Temple.
  8137 | Temple   | Entered the Ecumenical Temple
  8839 | D:8      | Noticed a troll
  8845 | D:8      | Killed a troll
  9263 | D:8      | Noticed a hornet
  9263 | D:8      | Noticed a cyan ugly thing
  9280 | D:8      | Killed a cyan ugly thing
  9281 | D:8      | Reached skill level 16 in Axes
  9281 | D:8      | Reached XP level 10. HP: 30/77 MP: 10/10
  9289 | D:8      | Paralysed by a hornet for 2 turns
  9662 | D:8      | Found a staircase to the Lair.
 10468 | D:9      | Noticed Maggie
 10469 | D:9      | Upgraded the game from 0.29.0 to 0.29.1-1-gd02db69
 10479 | D:9      | Killed Maggie
 10480 | D:9      | Reached skill level 5 in Ranged Weapons
 10605 | D:9      | Found a corrupted altar of Lugonu.
 10605 | D:9      | Noticed a red ugly thing
 10873 | D:9      | Found a transporter.
 10874 | D:9      | Noticed a cyan ugly thing
 10875 | D:9      | Found a transporter.
 10876 | D:9      | Found the macabre finger necklace {rN+}
 11382 | D:9      | Reached skill level 5 in Fighting
 11386 | D:9      | Reached **** piety under Beogh
 11746 | D:9      | Noticed a red ugly thing
 11924 | D:10     | Entered Level 10 of the Dungeon
 11936 | D:10     | Killed an unseen horror
 12007 | D:10     | Found an iron altar of Okawaru.
 12061 | D:10     | Found a staircase to the Orcish Mines.
 12073 | D:10     | HP: 1/83 [troll (5)]
 12073 | D:10     | Mangled by a gnoll

Illustrated notes

Levels and vault maps discovered:
D:1:      shiori_arrival_oz, layout_basic, ebering_ecumenical_altar_box
D:2:      cheibrodos_greedy_goblins, layout_basic, basic_altar, uniq_terence
D:3:      layout_loops_corners, chequers_serial_rivers_small_a,
          grunt_ministairs_14, kennysheep_nub
D:4:      kennysheep_the_goblin_king, layout_cave_pools,
          mainiacjoe_overflow_concentric_impassable, makhleb_altar_promises_db,
          hangedman_decor_growths, bh_walls_and_bars, uniq_blork_the_orc
D:5:      corexii_shack_village, layout_basic, elyvilon_altar_3,
          chequers_temple_overflow_statue_of_worship, dilly_guarded_unrand_morg
D:6:      layout_rooms, minmay_misc_feat_hallway, minmay_fountain_box,
          hangedman_abyss_or_decor_lesser_grid, uniq_prince_ribbit1
D:7:      layout_basic, nicolae_overflow_crystal_walls, temple_hall,
          serial_shops, nicolae_shop_behind_doors
D:8:      layout_layer_cave, erik_lair_island, kennysheep_decorative_pillar,
          kennysheep_small_circle
D:9:      gammafunk_corrupted_shrine, layout_rooms, kennysheep_dice, uniq_maggie
D:10:     layout_roguey, okawaru_ov_weapons_minmay, david_orc_3,
          gammafunk_ghost_wrathful_warriors, serial_rivers,
          chequers_serial_rivers_small_a, chequers_serial_rivers_micro_a,
          chequers_serial_rivers_large_b, chequers_serial_rivers_room_b
Temple:   nicolae_temple_bog_church

Skill      XL: |  1  2  3  4  5  6  7  8  9 10 |
---------------+-------------------------------+-----
Axes           | 3 4 5 6 8 10 13 16 | 16.7
Throwing       | 1 2 |  2.0
Shields        | 4 |  4.0
Armour         | 4 |  4.0
Ranged Weapons | 4 6 |  6.2
Fighting       | 5 |  5.8

Action                   |  1- 3 |  4- 6 |  7- 9 | 10-12 || total
-------------------------+-------+-------+-------+-------++-------
Melee: Mace              |    70 |    20 |       |       ||    90
       War axe           |       |   115 |   318 |    92 ||   525
 Fire: Sling             |       |       |    24 |    19 ||    43
Throw: Boomerang         |       |    57 |    55 |       ||   112
       Dart              |       |       |     4 |       ||     4
Invok: Convert to Beogh  |       |     1 |       |       ||     1
       Smiting           |       |       |       |     1 ||     1
  Use: Potion            |       |       |     4 |       ||     4
       Scroll            |       |       |     8 |     8 ||    16
 Stab: Distracted        |       |       |       |     2 ||     2
Armor: Scale mail        |    21 |    29 |       |       ||    50
       Chain mail        |       |    20 |   161 |    63 ||   244
Dodge: Dodged            |    29 |    37 |    94 |    21 ||   181
Block: Buckler           |    13 |    26 |    70 |    30 ||   139
